 Dungeon Crawl Stone Soup version 0.27-a0-492-ga4bb394fd4 (webtiles) character file.

Game seed: 9894109167737735714

34194 Morbidden the Covert (level 13, -9/70 HPs)
             Began as a Vine Stalker Brigand on Mar 1, 2021.
             Was a High Priest of Cheibriados.
             Mangled by a dire elephant (11 damage)
             ... on level 15 of the Dungeon on Mar 2, 2021.
             The game lasted 00:26:52 (14078 turns).

Morbidden the Covert (Vine Stalker Brigand)        Turns: 14078, Time: 00:26:53

Health: -9/70      AC: 15    Str: 26    XL:     13   Next: 75%
Magic:  0/26       EV: 19    Int: 32    God:    Cheibriados [*****.]
Gold:   1091       SH:  5    Dex: 27    Spells: 21/28 levels left

rFire    . . .     SeeInvis +   f - +3 long sword (freeze)
rCold    . . .     Faith    .   H - +0 buckler
rNeg     . . .     Spirit   +   M - +4 troll leather armour
rPois    .         Reflect  .   y - +1 helmet
rElec    .         Harm     .   c - +0 cloak
rCorr    .         Rampage  .   e - +2 pair of gloves
Will     +....                  (no boots)
Stlth    +++++.....             (no amulet)
HPRegen  2.21/turn              r - +6 ring of intelligence
MPRegen  0.20/turn              h - ring of see invisible

@: very slow
A: fangs 3, regeneration 1, magic shield, antimagic bite, no potion heal 3
a: Renounce Religion, Bend Time, Temporal Distortion, Slouch, Step From Time


You were on level 15 of the Dungeon.
You worshipped Cheibriados.
Cheibriados was extremely pleased with you.
You visited 2 branches of the dungeon, and saw 16 of its levels.
You also visited: Ossuary.

You collected 1091 gold pieces.

Inventory:

Hand Weapons
 a - a +2 dagger of draining
 f - a +3 long sword of freezing (weapon)
 D - a +4 dagger
 J - a +5 scimitar
Missiles
 d - 30 poisoned darts
 i - 3 throwing nets
 A - 8 atropa-tipped darts
 Q - 2 silver javelins
Armour
 c - a +0 cloak (worn)
 e - a +2 pair of gloves (worn)
 y - a +1 helmet (worn)
 H - a +0 buckler (worn)
 M - a +4 troll leather armour (worn)
Jewellery
 h - a ring of see invisible (right hand)
 r - a +6 ring of intelligence (left hand)
 u - a ring of willpower
 G - a ring of poison resistance
 L - a ring of protection from fire
 R - a ring of willpower
Wands
 l - a wand of flame (13) (quivered)
 n - a wand of mindburst (13)
 F - a wand of acid (7)
 N - a wand of polymorph (20)
Scrolls
 g - a scroll of identify
 k - a scroll of fog {unknown}
 o - 2 scrolls of amnesia {unknown}
 q - a scroll of teleportation
 s - a scroll of enchant armour
 t - 4 scrolls of magic mapping
 z - 4 scrolls of immolation
 C - 3 scrolls of blinking {unknown}
 I - a scroll of fear
Potions
 j - a potion of ambrosia
 m - 2 potions of resistance
 p - a potion of berserk rage {unknown}
 v - 15 potions of curing {unknown}
 w - 4 potions of brilliance
 x - 2 potions of mutation
 B - a potion of flight {unknown}
 E - 3 potions of attraction
 K - a potion of degeneration {unknown}
 O - 2 potions of lignification
 P - a potion of magic
Miscellaneous
 b - a tin of tremorstones (2/2)


   Skills:
 * Level 8.9 Fighting
 * Level 9.1(10.1) Short Blades
 * Level 7.0(9.1) Long Blades
 + Level 5.0 Throwing
 + Level 3.3 Armour
 * Level 6.7 Dodging
 + Level 10.3 Stealth
 + Level 1.1 Shields
 + Level 0.6 Unarmed Combat
 * Level 8.3 Spellcasting
 * Level 4.9 Conjurations
 * Level 7.1 Invocations
 + Level 0.9 Evocations


You had 21 spell levels left.
You knew the following spells:

 Your Spells              Type           Power        Failure   Level
a - Orb of Destruction    Conj           22%          100%        7

Your spell library contained the following spells:

 Spells                   Type           Power        Failure   Level
 Iskenderun's Battlesphe  Conj           45%          22%         5
 Bolt of Magma            Conj/Fire/Erth 11%          63%         5
 Iron Shot                Conj/Erth      14%          97%         6
 Spellforged Servitor     Conj/Summ      14%          100%        7


Dungeon Overview and Level Annotations

Branches:
Dungeon (15/15) Temple (1/1) D:4 Lair (0/6) D:9 Orc (0/2) D:9 Vaults (0/5) D:12 D:13 Depths (0/5) D:15 Ossuary (visited)

Altars:
Ashenzari
Cheibriados
Dithmenos
Elyvilon
Fedhas
Gozag
Hepliaklqana
Kikubaaqudgha
Nemelex Xobeh
Okawaru
Qazlal
Ru
Trog
Uskayaw
Wu Jian
Xom
Yredelemnul
The Shining One

Shops:
D:8 :

Portals:
Trove: D:12 (give 4 potions of resistance)

Annotations:
D:7 3 runed translucent doors, anet's ghost, novice DECj
D:13 Nessos; Urug


Innate Abilities, Weirdness & Mutations

You have razor-sharp teeth.
Your natural rate of healing is unusually fast.
When hurt, damage is shared between your health and your magic reserves.
Your bite disrupts and absorbs the magic of your enemies.
Potions cannot restore your health.


Message History

A sky beast comes into view.
The dire elephant completely misses you.
The dire elephant misses you.
Unknown command.
Unknown command.
You can feel time thicken for a moment.
You destroy the skeletal warrior!
Cheibriados thoroughly appreciates the change of pace.
You kill the orc!
Cheibriados thoroughly appreciates the change of pace.
You kill the orc warrior!
Cheibriados appreciates the change of pace.
Cheibriados lowers the support of your attributes as your movement quickens.
The salamander misses you.
The dire elephant completely misses you.
You block the dire elephant's attack.
Unknown command.
Unknown command.
You can feel time thicken for a moment.
You destroy the skeletal warrior!
Cheibriados appreciates the change of pace.
You kill the sky beast!
Cheibriados thoroughly appreciates the change of pace.
Cheibriados lowers the support of your attributes as your movement quickens.
You block the salamander's attack. You block the dire elephant's attack.
The dire elephant trunk-slaps you but does no damage.
Your base Long Blades skill increases to level 7!
Unknown command.
Unknown command.
You can feel time thicken for a moment.
You kill the manticore!
Cheibriados thoroughly appreciates the change of pace.
You kill the orc knight!
Cheibriados thoroughly appreciates the change of pace.
Cheibriados raises the support of your attributes as your movement slows.
Cheibriados lowers the support of your attributes as your movement quickens.
The salamander completely misses you. The dire elephant tramples you!!
* * * LOW HITPOINT WARNING * * *
You hold your ground!
The dire elephant trunk-slaps you!
You die...

#####.#### #..#
#.## ##.#
####..# #....##
#.#### # ###N#
. #@Y†# #.### #
#####z# .
..#...#)#####..
....
......z†)......
z###
....<.)†).zz.##
.......!..o...#
.........[.....
...........Y..#


You could see a dire elephant, 2 skeletal warriors and a salamander.

Vanquished Creatures
  Jorgrun (D:14)
  A hydra (D:12)
  2 centaur warriors
  A death knight (D:14)
  2 tengu warriors (D:14)
  2 two-headed ogres
  3 skeletal warriors (D:15)
  An unseen horror (D:14)
  2 deep elf pyromancers
  An orc knight (D:15)
  2 manticores
  2 cyclopes
  11 ugly things
  A wolf spider (D:15)
  Joseph (D:10)
  5 centaur skeletons
  A gargoyle (D:11)
  A kobold demonologist (D:15)
  A komodo dragon (D:12)
  A tengu conjurer (D:14)
  Prince Ribbit (D:5)
  4 trolls
  3 slime creatures (D:14)
  Sigmund (D:3)
  A wraith (D:12)
  2 wyverns
  19 yaks
  A ynoxinul (D:13)
  8 humans
  2 basilisks (D:9)
  Menkaure (D:7)
  A warg (D:9)
  5 water moccasins (D:9)
  3 soldier ants
  7 orc warriors
  An ice beast (D:14)
  3 sky beasts
  2 hornet zombies
  3 black bears
  A necrophage (D:12)
  14 centaurs
  10 ogres
  3 wolves (D:9)
  11 bullfrogs
  2 elf zombies (Ossuary)
  2 wyvern skeletons (D:14)
  19 wights
  4 killer bees (D:12)
  2 howler monkeys (D:7)
  A crimson imp (D:13)
  A centaur zombie (Ossuary)
  2 jellies
  2 quasits
  2 human zombies (Ossuary)
  2 bullfrog zombies
  15 orc priests
  8 hounds
  A gnoll shaman (D:6)
  A bullfrog skeleton (D:11)
  Jessica (D:3)
  2 iguanas
  11 orc wizards
  Natasha (thrice) (D:3)
  9 worker ants
  A hound zombie (Ossuary)
  A hound skeleton (D:9)
  3 mummies (Ossuary)
  3 worker ant zombies
  7 gnolls
  14 adders
  2 shadow imps
  3 white imps
  An ufetubus (D:4)
  An ooze (D:5)
  2 adder skeletons
  3 adder zombies (Ossuary)
  5 worms
  2 dart slugs (D:1)
  4 leopard geckos
  46 orcs
  8 bats
  5 giant cockroaches
  A gnoll zombie (Ossuary)
  10 goblins
  10 hobgoblins
  6 jackals
  2 quokkas (D:2)
  A ball python (D:3)
  3 frilled lizards
  5 goblin zombies (Ossuary)
  2 hobgoblin zombies (Ossuary)
  3 jackal zombies (Ossuary)
  5 kobolds
  7 kobold zombies (Ossuary)
  A leopard gecko skeleton (D:7)
  2 orc zombies (Ossuary)
  3 quokka zombies
  9 rats
  3 rat zombies (Ossuary)
423 creatures vanquished.

Vanquished Creatures (others)
  3 fungi (D:9)
  9 plants (D:9)
12 creatures vanquished.

Grand Total: 435 creatures vanquished

Notes
Turn   | Place    | Note
-------+----------+-------------------------------------------
     0 | D:1      | Morbidden the Vine Stalker Brigand began the quest for the
                  | Orb.
     0 | D:1      | Reached XP level 1. HP: 11/11 MP: 2/2
    56 | D:1      | Reached skill level 5 in Stealth
   453 | D:1      | Reached XP level 2. HP: 15/15 MP: 3/3
   985 | D:1      | Reached XP level 3. HP: 17/17 MP: 4/4
  1410 | D:2      | Reached skill level 1 in Spellcasting
  1445 | D:2      | Reached skill level 1 in Dodging
  1445 | D:2      | Gained mutation: Your natural rate of healing is unusually
                  | fast. [Vine Stalker growth]
  1445 | D:2      | Reached XP level 4. HP: 15/23 MP: 3/6
  1869 | D:2      | Reached XP level 5. HP: 27/27 MP: 8/8
  2201 | D:3      | Noticed Natasha
  2403 | D:3      | Reached skill level 6 in Stealth
  2417 | D:3      | Noticed Jessica
  2427 | D:3      | Killed Jessica
  2491 | D:3      | Reached XP level 6. HP: 32/32 MP: 10/10
  2733 | D:3      | Killed Natasha
  2800 | D:3      | Noticed Sigmund
  2813 | D:3      | Killed Sigmund
  2839 | D:3      | Noticed Natasha
  2848 | D:3      | Killed Natasha
  2849 | D:3      | Reached XP level 7. HP: 36/36 MP: 10/12
  2935 | D:3      | Noticed Natasha
  2977 | D:3      | Killed Natasha
  3103 | D:4      | Found a sand-covered staircase.
  3109 | Ossuary  | Entered an ossuary
  3866 | D:4      | Found a staircase to the Ecumenical Temple.
  4166 | D:4      | Gained mutation: You have razor-sharp teeth. [Vine Stalker
                  | growth]
  4166 | D:4      | Reached XP level 8. HP: 37/41 MP: 9/14
  4634 | D:5      | Entered Level 5 of the Dungeon
  4748 | D:5      | Reached skill level 7 in Stealth
  4815 | Temple   | Entered the Ecumenical Temple
  4866 | Temple   | Became a worshipper of Cheibriados the Contemplative
  5070 | D:5      | Found a sacrificial altar of Ru.
  5332 | D:5      | Noticed Prince Ribbit
  5339 | D:5      | Killed Prince Ribbit
  5340 | D:5      | Reached skill level 1 in Invocations
  5972 | D:5      | Reached XP level 9. HP: 36/46 MP: 16/16
  6324 | D:6      | Reached * piety under Cheibriados
  6734 | D:7      | Found a runed translucent gate.
  6734 | D:7      | Found a runed translucent gate.
  6736 | D:7      | Found a runed translucent gate.
  6736 | D:7      | Noticed a wind drake
  6842 | D:7      | Upgraded the game from 0.27-a0-475-g4587593e40 to
                  | 0.27-a0-492-ga4bb394fd4
  6880 | D:7      | Found a bloodstained altar of Trog.
  6929 | D:7      | Noticed a meliai
  6931 | D:7      | Noticed anet's ghost (novice DECj)
  6940 | D:7      | Reached skill level 8 in Stealth
  7029 | D:7      | Reached skill level 5 in Fighting
  7079 | D:7      | Reached skill level 5 in Short Blades
  7187 | D:7      | Reached ** piety under Cheibriados
  7216 | D:7      | Reached skill level 5 in Spellcasting
  7259 | D:7      | Noticed Menkaure
  7266 | D:7      | Killed Menkaure
  7514 | D:7      | Noticed an ice dragon
  7526 | D:7      | Noticed a fire dragon
  7572 | D:7      | Noticed a spark wasp
  7767 | D:8      | Reached XP level 10. HP: 28/36 MP: 14/18
  7863 | D:8      | You fall into a shaft and drop 2 floors!
  7863 | D:10     | Entered Level 10 of the Dungeon
  7890 | D:10     | Noticed a manticore
  7907 | D:10     | Killed a manticore
  7990 | D:10     | Reached *** piety under Cheibriados
  8009 | D:10     | Noticed Joseph
  8366 | D:10     | Reached skill level 1 in Long Blades
  8381 | D:10     | Reached skill level 9 in Stealth
  8398 | D:10     | Reached skill level 5 in Dodging
  8666 | D:10     | Reached skill level 5 in Throwing
  8886 | D:10     | Killed Joseph
  9238 | D:9      | Reached XP level 11. HP: 36/58 MP: 21/21
  9317 | D:9      | Found a staircase to the Lair.
  9369 | D:9      | Reached **** piety under Cheibriados
  9410 | D:9      | Reached skill level 1 in Armour
  9432 | D:9      | Found a staircase to the Orcish Mines.
  9451 | D:9      | Reached skill level 5 in Invocations
 10126 | D:8      | Found Hempen's Book Shop.
 10933 | D:11     | Learned a level 7 spell: Orb of Destruction
 11437 | D:12     | Reached ***** piety under Cheibriados
 11512 | D:12     | Noticed a seven-headed hydra
 11520 | D:12     | Killed a seven-headed hydra
 11521 | D:12     | Reached skill level 1 in Conjurations
 11681 | D:12     | Found a portal to a secret trove of treasure.
 11687 | D:12     | Noticed a cyclops
 11693 | D:12     | Killed a cyclops
 12202 | D:12     | Found a portal to a secret trove of treasure.
 12215 | D:12     | Reached XP level 12. HP: 63/63 MP: 23/23
 12607 | D:13     | Noticed a two-headed ogre
 12617 | D:13     | Killed a two-headed ogre
 12618 | D:13     | Noticed Nessos
 12620 | D:13     | Noticed a two-headed ogre
 12623 | D:13     | Noticed Urug
 12633 | D:13     | Found a gate to the Vaults.
 12846 | D:14     | Noticed Jorgrun
 12846 | D:14     | Noticed a tengu warrior
 12848 | D:14     | Killed Jorgrun
 12849 | D:14     | Noticed a tengu warrior
 12853 | D:14     | Killed a tengu warrior
 12855 | D:14     | Reached skill level 5 in Long Blades
 12855 | D:14     | Reached skill level 10 in Stealth
 12874 | D:14     | Killed a tengu warrior
 12973 | D:14     | Noticed a centaur warrior
 13135 | D:14     | Killed a centaur warrior
 13242 | D:14     | Reached XP level 13. HP: 69/69 MP: 25/25
 13893 | D:15     | Entered Level 15 of the Dungeon
 13953 | D:15     | Found a staircase to the Depths.
 13953 | D:15     | Noticed a dire elephant
 14011 | D:15     | Reached ****** piety under Cheibriados
 14075 | D:15     | Reached skill level 1 in Shields
 14078 | D:15     | HP: 2/70 [dire elephant (18)]
 14078 | D:15     | Mangled by a dire elephant

Illustrated notes

Levels and vault maps discovered:
D:1:      lightli_arrival_boilingwater, layout_basic,
          minmay_misc_feat_secret_circle
D:2:      layout_basic
D:3:      layout_loops_ring, kennysheep_generic_room_15, uniq_sigmund,
          uniq_natasha, uniq_jessica
D:4:      layout_basic, minmay_temple_entry_from_below_b, enter_ossuary_2
D:5:      layout_basic, nicolae_ru_sacrificial_ziggurat, uniq_prince_ribbit1
D:6:      layout_rooms, minivault_19
D:7:      layout_cave_pods, lightli_temple_of_fire, gammafunk_ghost_split,
          uniq_menkaure
D:8:      layout_basic, serial_shops, shop
D:9:      layout_loops_ring, minmay_lair_entry_grove, erik_orc_3
D:10:     layout_basic, uniq_joseph
D:11:     layout_stronghold
D:12:     layout_roguey, enter_trove_0
D:13:     kennysheep_demon_hangout, layout_irregular_city, david_vaults_3,
          fedhas_altar_2
D:14:     kennysheep_big_flooded_room, layout_rooms,
          chequers_serial_rivers_large_a, uniq_jorgrun
D:15:     hangedman_depths_entry_try_elsewhere_first, layout_rooms,
          hangedman_decor_push
Temple:   compressed_dpeg_triangle_lava_temple

Skill      XL: |  1  2  3  4  5  6  7  8  9 10 11 12 13 |
---------------+----------------------------------------+-----
Stealth        | 5 6 7 8 9 10 | 10.3
Throwing       | 2 3 4 5 |  5.0
Fighting       | 2 3 4 5 6 7 8 |  8.9
Short Blades   | 2 3 4 5 6 7 8 9 |  9.1
Spellcasting   | 1 2 3 4 5 6 7 8 |  8.3
Dodging        | 1 2 3 4 5 6 |  6.7
Invocations    | 1 3 4 5 6 7 |  7.1
Long Blades    | 1 3 5 7 |  7.0
Armour         | 2 3 |  3.3
Conjurations   | 2 3 4 |  4.9
Shields        | 1 |  1.1
Unarmed Combat | |  0.6
Evocations     | |  0.9

Action                   |  1- 3 |  4- 6 |  7- 9 | 10-12 | 13-15 || total
-------------------------+-------+-------+-------+-------+-------++-------
Melee: Dagger            |    75 |    85 |   638 |   694 |     6 ||  1498
       Bite              |    13 |    25 |   247 |   442 |   158 ||   885
       Unarmed           |       |    11 |    11 |       |       ||    22
       Great sword       |       |       |       |    19 |       ||    19
       Punch             |       |       |       |     3 |       ||     3
       Long sword        |       |       |       |       |   181 ||   181
Throw: Dart              |    20 |    37 |    60 |    10 |       ||   127
       Javelin           |       |       |       |     3 |       ||     3
Invok: Slouch            |       |       |       |     2 |     5 ||     7
Evoke: Wand              |       |       |     5 |     1 |       ||     6
  Use: Scroll            |       |       |     9 |    18 |     2 ||    29
 Stab: Sleeping          |     6 |    15 |    17 |    21 |     1 ||    60
       Distracted        |       |       |       |     2 |     2 ||     4
Armor: Robe              |    40 |     8 |    98 |    27 |       ||   173
       Skin              |       |     4 |       |       |       ||     4
       Leather armour    |       |       |       |    28 |       ||    28
       Troll leather arm |       |       |       |    89 |    60 ||   149
Dodge: Dodged            |    60 |    69 |   341 |   455 |   155 ||  1080
Block: Buckler           |       |       |       |       |    61 ||    61
       Rpst.: Great sword |       |       |       |    10 |       ||    10
       Long sword        |       |       |       |       |    36 ||    36

Table legend: (Time is in decaauts)
 A = Elapsed time spent in this place.
 B = Non-inter-level travel time spent in this place.
 C = Inter-level travel time spent in this place.
 D = Time resting spent in this place.
 E = Time spent auto-exploring this place.
 F = Levels seen in this place.
 G = Mean time per level.
                   A        B        C        D        E       F      G
               +--------+--------+--------+--------+--------+-----+--------+
         Total |  17875 |  17104 |    771 |    562 |  12680 |  17 | 1051.5 |
       Dungeon |  17388 |  16617 |    771 |    562 |  12444 |  15 | 1159.2 |
        Temple |     72 |     72 |      0 |      0 |     46 |   1 |   72.0 |
       Ossuary |    415 |    415 |      0 |      0 |    190 |   1 |  415.0 |
               +--------+--------+--------+--------+--------+-----+--------+

Top non-repeatable levels by time:
    D:10: 1848 daAuts
    D:12: 1785 daAuts
    D:14: 1654 daAuts
     D:5: 1558 daAuts
    D:11: 1364 daAuts
     D:9: 1358 daAuts
     D:1: 1331 daAuts
     D:7: 1235 daAuts
     D:8: 1149 daAuts
     D:4: 988 daAuts
     D:3: 923 daAuts
     D:2: 813 daAuts
     D:6: 696 daAuts
    D:13: 425 daAuts
 Ossuary: 415 daAuts
